 Dungeon Crawl Stone Soup version 0.17-a0-1504-gb7d9117 (webtiles) character file.

1196487 patman the Conqueror (level 27, 0/249 HPs)
             Began as a Mummy Gladiator on July 4, 2015.
             Was the Champion of Makhleb.
             Killed from afar by a Brimstone Fiend (39 damage)
             ... with a blast of hellfire
             ... on level 7 of the Iron City of Dis on July 9, 2015.
             The game lasted 07:45:53 (99054 turns).

patman the Conqueror (Mummy Gladiator)             Turns: 99054, Time: 07:45:54

Health: 0/249      AC: 67    Str: 25    XL:     27
Magic:  30/30      EV:  9    Int: 14    God:    Makhleb [******]
Gold:   10231      SH:  0    Dex: 14    Spells: 4 memorised, 20 levels left

rFire  . . .     SeeInvis +     a - +8 bardiche of Destiny {freeze, rF+}
rCold  + . .     Clarity  .     Y - +13 crystal plate armour
rNeg   + + +     SustAt   .     (no shield)
rPois  ∞         Gourm    .     R - +2 helmet {SInv}
rElec  .         Spirit   .     F - +2 cloak {MR+}
rCorr  .         Warding  .     P - +3 pair of gauntlets of War {Slay+5}
rMut   .         Stasis   .     s - +2 pair of boots of the Assassin {DetectMon Stab+ Stlth++}
MR     ++++.                    W - amulet "Yggoso" {rPois Regen+ Str+2}
Stlth  ..........               g - +6 ring of protection
                                z - +3 ring of slaying

@: about to teleport, very slightly contaminated, hasted, studying Evocations,
very quick, incredibly resistant to hostile enchantments, extremely unstealthy
A: no food or potions, fire vulnerability, cold resistance 1, negative energy
resistance 3, torment resistance, unbreathing, in touch with death 2, restore
body
a: Self-Restoration, Minor Destruction, Lesser Servant of Makhleb, Major
Destruction, Greater Servant of Makhleb, Renounce Religion
}: 14/15 runes: decaying, slimy, silver, golden, obsidian, icy, bone, abyssal,
demonic, glowing, magical, fiery, dark, gossamer


You were on level 7 of the Iron City of Dis.
You worshipped Makhleb.
Makhleb was exalted by your worship.
You were not hungry.

You visited 17 branches of the dungeon, and saw 90 of its levels.
You visited Pandemonium 3 times, and saw 38 of its levels.
You visited the Abyss 3 times.
You visited 2 ziggurats, and saw 12 of their levels (deepest: 7).

You collected 42392 gold pieces.
You spent 10679 gold pieces at shops.
You paid 21482 gold pieces to Gozag.

Inventory:

Hand weapons
 a - the +8 bardiche of Destiny (weapon) {freeze, rF+}
   (You bought it in a shop on level 6 of the Dungeon)

   It has been specially enchanted to freeze those struck by it, causing extra
   injury to most foes and up to half again as much damage against particularly
   susceptible opponents.
   It can also slow down cold-blooded creatures.
   It protects you from fire.
 v - a +7 bardiche of flaming
Missiles
 d - 4 throwing nets (quivered)
Armour
 s - the +2 pair of boots of the Assassin (worn) {DetectMon Stab+ Stlth++}
   (You bought it in a shop on level 15 of the Dungeon)

   It makes you much more stealthy.
 F - a +2 cloak of magic resistance (worn)
 P - the +3 pair of gauntlets of War (worn) {Slay+5}
   (You bought it in a shop on level 14 of the Dungeon)

   It affects your accuracy and damage with ranged weapons and melee attacks
   (+5).
 R - a +2 helmet of see invisible (worn)
 Y - a +13 crystal plate armour (worn)
Jewellery
 b - an uncursed ring of teleportation
 c - an uncursed ring of protection from fire
 e - an uncursed ring of protection from cold
 g - a +6 ring of protection (right hand)
 m - the amulet of Unlif {Clar Str+5}
   (You found it on level 7 of Tartarus)

   [amulet of clarity]

   It provides mental clarity.
   It affects your strength (+5).
 p - the amulet of the Air {Inacc +Fly rElec EV+5 RMsl}
   (You found it on level 3 of the Tomb of the Ancients)

   [amulet of inaccuracy]

   It reduces the accuracy of all your attacks.
   It affects your evasion (+5).
   It insulates you from electricity.
   It lets you fly.
   It protects you from missiles.
 t - an uncursed ring of protection from fire
 u - an uncursed ring of protection from magic
 z - a +3 ring of slaying (left hand)
 E - an uncursed ring of flight
 G - an uncursed amulet of resist corrosion
 I - the ring "Ovuit" {rN+ SInv}
   (You found it on level 3 of the Crypt)

   [ring of positive energy]

   It protects you from negative energy.
   It lets you see invisible.
 O - the ring "Ogilous" {rF+ rN+ Str+4 SInv}
   (You found it on level 3 of the Crypt)

   [ring of positive energy]

   It affects your strength (+4).
   It protects you from fire.
   It protects you from negative energy.
   It lets you see invisible.
 S - the ring "Rocvall" {-Tele rElec rPois rN+ Dex+6}
   (You found it on level 3 of the Crypt)

   [ring of positive energy]

   It affects your dexterity (+6).
   It insulates you from electricity.
   It protects you from poison.
   It protects you from negative energy.
   It prevents most forms of teleportation.
 U - the ring of the Mage {Wiz MR++ Int+3}
   (You found it on level 3 of the Tomb of the Ancients)

   [ring of wizardry]

   It improves your spell success rate.
   It affects your intelligence (+3).
   It affects your resistance to hostile enchantments.
 W - the amulet "Yggoso" (around neck) {rPois Regen+ Str+2}
   (You took it off a deep elf mage on level 3 of the Elven Halls)

   [amulet of regeneration]

   It affects your strength (+2).
   It protects you from poison.
   It increases your rate of regeneration.
Magical devices
 l - a wand of digging (2)
 r - a wand of teleportation (4)
 x - a wand of heal wounds (2)
 B - a wand of lightning (5)
 H - a wand of hasting (4)
 K - a wand of disintegration (0)
 T - a wand of draining (5)
 V - a wand of teleportation (1)
 X - a wand of heal wounds (3)
Scrolls
 f - 30 scrolls of remove curse
 i - 8 scrolls of identify
 j - 11 scrolls of fog
 n - 9 scrolls of fear
 o - a scroll of magic mapping
 q - 13 scrolls of immolation
 w - 4 scrolls of vulnerability
 C - 9 scrolls of amnesia
 J - 3 scrolls of recharging
 M - 7 scrolls of silence
 Q - 4 scrolls of summoning
Books
 y - a manual of Evocations
 A - a book of Cantrips

   Spells                             Type                      Level
   a - Corona                         Hexes                        1
   b - Animate Skeleton               Necromancy                   1
   c - Summon Small Mammal            Summoning                    1
   d - Apportation                    Translocation                1
Miscellaneous
 h - a phial of floods
 k - a lamp of fire
 D - 2 phantom mirrors
 N - a fan of gales


   Skills:
 O Level 27 Fighting
 - Level 26.0 Polearms
 - Level 1.5 Throwing
 * Level 26.9 Armour
 - Level 2.4 Dodging
 * Level 9.2 Summonings
 - Level 13.7 Translocations
 - Level 14.9 Evocations


You had 20 spell levels left.
You knew the following spells:

 Your Spells              Type           Power        Failure   Level  Hunger
a - Apportation           Tloc           #####.....   1%          1    N/A
c - Summon Butterflies    Summ           ####....     6%          1    N/A
B - Blink                 Tloc           N/A          1%          2    N/A
M - Repel Missiles        Chrm/Air       #.....       100%        2    N/A

Dungeon Overview and Level Annotations

Branches:
Dungeon (15/15)            Temple (1/1) D:5            Lair (8/8) D:9
  Swamp (4/4) Lair:6       Spider (4/4) Lair:4        Slime (6/6) Lair:8
    Orc (4/4) D:11            Elf (3/3) Orc:4        Vaults (5/5) D:13
  Crypt (3/3) Vaults:3       Tomb (3/3) Crypt:3      Depths (5/5) D:15
   Hell (1/1)                 Dis (7/7) Hell            Geh (7/7) Hell
    Coc (7/7) Hell            Tar (7/7) Hell            Zot (0/5) Depths:5

Altars:
Ashenzari
Cheibriados
Dithmenos
Elyvilon
Fedhas
Gozag
Kikubaaqudgha
Makhleb
Nemelex Xobeh
Okawaru
Qazlal
Ru
Sif Muna
Trog
Vehumet
Xom
Yredelemnul
Zin
The Shining One
Beogh
Jiyva

Shops:
D:5 (   D:6 (   D:8 *(*=(   D:12 [   D:14 [   D:15 [   Orc:4 :}!*[   Elf:1 %
Elf:3 ?   Vaults:1 [*%   Vaults:2 *   Vaults:4 (   Vaults:5 %   Depths:1 %![**
Depths:3 }   Depths:4 ?   Depths:5 [

Portals:
Hell: Depths:1 Depths:2 Depths:3 Depths:4 Depths:5
Abyss: Depths:2 Depths:4
Pandemonium: Depths:1 Depths:3

Annotations:
Spider:2 2 exclusions
Depths:1 exclusion: door
Dis:7 Dispater
Coc:7 Antaeus


Innate Abilities, Weirdness & Mutations

You do not eat or drink.
Your flesh is vulnerable to fire.
You are immune to poison.
Your flesh is cold resistant.
You are immune to negative energy.
You are immune to unholy pain and torment.
You can survive without breathing.
You are strongly in touch with the powers of death.
You can restore your body by infusing magical energy.


Message History

Evoke which item? (* to show all) (? for menu, Esc to quit)
Zapping:
X - a wand of heal wounds (5)
Press: ? - help, Shift-Dir - straight line, f - you, p - Hell Sentinel You feel much better.
This wand has 4 charges left.
The Hell Sentinel gestures at you.
The hellfire explodes!
The blast of hellfire engulfs the small abomination.
The small abomination is destroyed!
The blast of hellfire engulfs you!
* * * LOW HITPOINT WARNING * * *
The Hell Sentinel hits you but does no damage. x2
Unknown command.
Unknown command.
Evoke which item? (* to show all) (? for menu, Esc to quit)
Zapping:
X - a wand of heal wounds (4)
Press: ? - help, Shift-Dir - straight line, f - you You feel much better.
This wand has 3 charges left.
The Brimstone Fiend gestures at you.
The hellfire explodes!
The blast of hellfire engulfs you!
You die...

###*****###********
#8..,,,,...8,,,,,8,
#...,,,...,,,,,,,,,
#..#**''#**********
#..#*#''##*********
#..##p...#.,,*,*,,*
#.1''......*,,,,,,*
#.11'......*,,,*,**
#.@##.{...#**,,,,,*
#..#**.1...*,,,,,**
#..#*,,.#p.,,,*,,,*
#8.#*,**#*.,,****,*
#..#*,,,*,,,,,*,,,*
#1&#**,,,,,*,,,,,**
#..#*,,,,,***,,*,,*
#..#**,*,,,*,,*,,**
#..#*,,,,,,*,,,,*,*


You could see Dispater, 2 Hell Sentinels, a Brimstone Fiend, an Executioner and
a hell knight.

Vanquished Creatures
  Asmodeus (Geh:7)
  the royal jelly (Slime:6)
  Ereshkigal (Tar:7)
  Gloorx Vloq (Pan)
  the Serpent of Hell (Tar:7)
  Mnoleg (Pan)
  3 ancient liches
  5 pandemonium lords (Pan)
  An orb of fire (Zig:7)
  13 greater mummies
  3 shard shrikes
  Frederick (Tomb:1)
  Norris (Elf:2)
  Saint Roka (Vaults:5)
  2 caustic shrikes
  Geryon (Hell)
  Nikola (Elf:2)
  3 golden dragons
  14 liches
  A profane servitor (Crypt:3)
  Arachne (Spider:4)
  5 bone dragons
  16 Brimstone Fiends
  7 Hell Sentinels
  Rupert (Orc:3)
  6 tentacled monstrosities
  15 Shadow Fiends
  6 Ice Fiends
  3 deep elf blademasters
  2 quicksilver dragons (Dis:7)
  8 titans
  2 deep elf master archers (Elf:3)
  17 acid blobs
  A sphinx (shapeshifter) (Vaults:5)
  An acid blob (shapeshifter) (Vaults:5)
  Gastronok (D:10)
  8 tentacled starspawn
  13 sphinxes
  23 Executioners
  Frances (Elf:1)
  2 warmongers (Pan)
  Kirke (Lair:7)
  10 shadow dragons
  5 tengu reavers
  14 ancient champions
  6 storm dragons
  9 fire giants
  2 daevas (Pan)
  7 deep elf sorcerers
  11 azure jellies
  4 iron dragons
  Donald (Elf:1)
  A revenant (Crypt:3)
  A draconian knight (Zig:4)
  10 vault wardens
  4 orc warlords
  2 draconian zealots (Depths:5)
  Aizul (Lair:4)
  Louise (Elf:1)
  9 frost giants
  4 curse skulls
  4 ghost moths
  7 emperor scorpions
  19 balrugs
  21 cacodemons
  3 angels
  14 stone giants
  19 ironheart preservers
  4 draconian annihilators (Pan)
  15 ghouls
  7 war gargoyles
  An elemental wellspring (Coc:7)
  42 reapers
  10 bennus
  2 spriggan defenders (Depths:3)
  3 ophanim
  9 salamander firebrands
  24 very ugly things
  10 vampire knights
  6 blood saints (Pan)
  11 deep elf annihilators
  11 deep elf demonologists
  3 mottled draconians (Depths:5)
  A purple draconian (Depths:5)
  3 white draconians
  9 lorocyprocas
  20 blizzard demons
  3 chaos champions (Pan)
  A red draconian (Depths:5)
  2 salamander stormcallers
  4 corrupters (Pan)
  3 eidola
  A yellow draconian (Abyss:4)
  25 ettins
  31 vault guards
  19 green deaths (Pan)
  7 death oozes (Slime:6)
  20 mummy priests
  10 deep elf death magi
  29 yaktaur captains
  2 quicksilver dragon zombies
  The ghost of urechis the Grappler, a powerful VSMo of Jiyva (Lair:4)
  Josephine (Spider:1)
  20 great orbs of eyes
  2 kraken zombies
  4 deep elf high priests
  4 rakshasas (Pan)
  18 ogre magi
  30 hydras
  10 fire dragons
  20 jiangshi
  4 hell beasts
  9 entropy weavers
  4 quicksilver dragon skeletons
  An anaconda (shapeshifter) (Depths:3)
  4 spriggan air magi
  19 ice dragons
  7 monstrous demonspawn (Pan)
  A ghost crab (Tar:1)
  7 death knights
  21 dancing weapons
  5 centaur warriors
  A spectral stone giant (Crypt:3)
  11 deep troll earth magi
  4 alligators
  A death yak (shapeshifter) (Vaults:5)
  19 deep troll shamans
  6 vampire magi
  8 orc high priests
  4 titan zombies
  6 spriggan berserkers
  10 thrashing horrors
  4 tengu warriors
  15 hell hogs
  31 hell knights
  Sonja (D:13)
  3 iron golems
  Nergalle (Orc:2)
  5 storm dragon zombies
  4 fire crabs
  22 soul eaters
  4 wretched stars
  18 deep elf knights
  13 iron trolls
  25 sun demons
  17 ice devils
  7 titan skeletons
  130 skeletal warriors
  5 gelid demonspawn (Pan)
  40 deep trolls
  8 anaconda zombies
  3 golden dragon zombies
  3 cherubim
  A ghost moth zombie (Hell)
  8 shadow wraiths
  A storm dragon skeleton (Tar:7)
  A ball lightning (Pan)
  12 deep elf summoners
  29 phantasmal warriors
  12 giant orange brains
  8 unseen horrors
  15 death scarabs
  17 flayed ghosts
  5 torturous demonspawn
  2 shambling mangroves (Swamp:4)
  An ice statue (Hell)
  5 putrid demonspawn (Pan)
  6 swamp dragons
  2 death drakes (Tar:7)
  5 harpies (Vaults:4)
  A hill giant (shapeshifter) (Elf:1)
  7 infernal demonspawn (Pan)
  36 anubis guards
  Pikel (D:6)
  A lindwurm (Swamp:4)
  9 shadow demons
  A death drake (shapeshifter) (Vaults:5)
  3 shadow dragon zombies
  13 orb spiders
  An unseen horror (shapeshifter) (Vaults:4)
  10 hill giants
  A golden dragon skeleton (Coc:4)
  19 necromancers
  20 deep elf conjurers
  17 ironbrand convokers
  A faun (shapeshifter) (Vaults:5)
  24 wolf spiders
  10 hornets
  5 iron dragon zombies
  9 anaconda skeletons
  A mana viper (shapeshifter) (Depths:2)
  A tengu skeleton (Vaults:5)
  19 orc knights
  4 shadow dragon skeletons
  7 fire giant zombies
  8 wizards
  45 ugly things
  7 frost giant zombies
  32 sixfirhies
  80 slime creatures
  2 iron dragon skeletons
  2 sphinx skeletons
  8 griffons
  4 manticores
  6 orc sorcerers
  10 cyclopes
  A mana viper (Abyss:3)
  2 shining eyes
  18 salamanders
  4 stone giant zombies
  26 rust devils
  4 apocalypse crabs
  A manticore (shapeshifter) (Depths:2)
  An octopode (shapeshifter) (D:15)
  A worldbinder (Abyss:1)
  2 elephants (shapeshifter)
  3 eyes of devastation
  2 shock serpent zombies (Geh:7)
  2 dire elephant zombies
  A moth of wrath (Spider:4)
  4 frost giant skeletons
  Joseph (D:8)
  8 fire giant skeletons
  4 black mambas
  63 large abominations
  13 spiny frogs
  42 smoke demons
  17 molten gargoyles
  An elephant slug zombie (Crypt:1)
  15 vault sentinels
  26 hellions
  26 orange demons
  A white draconian zombie (Crypt:2)
  A catoblepas zombie (Tar:7)
  6 dire elephant skeletons
  A gargoyle (Depths:1)
  3 efreet
  3 emperor scorpion zombies
  A yaktaur zombie (Zig:2)
  A komodo dragon (shapeshifter) (Depths:3)
  A storm dragon simulacrum (Depths:2)
  A black draconian zombie (Geh:7)
  17 komodo dragons
  2 kobold demonologists
  78 yaktaurs
  8 fire drakes
  4 ancient zymes
  22 deep elf priests
  21 tormentors
  29 freezing wraiths
  3 harpy zombies
  46 hellwings
  32 guardian mummies
  4 human skeletons
  2 catoblepas skeletons
  2 queen bees (shapeshifter)
  A tengu conjurer (Depths:3)
  A spriggan druid (Lair:8)
  17 demonic crawlers
  A merfolk (shapeshifter) (Depths:5)
  28 jumping spiders
  31 red devils
  13 blue devils
  A fire drake (shapeshifter) (Vaults:5)
  6 giant leeches
  10 polar bears
  4 trolls
  10 hydra zombies
  A jumping spider (shapeshifter) (Vaults:5)
  Prince Ribbit (D:5)
  2 harpy skeletons
  38 two-headed ogres
  A frost giant simulacrum (Coc:5)
  9 bog bodies
  11 ettin zombies
  A raiju (shapeshifter) (Vaults:2)
  9 ushabtiu
  A blink frog (shapeshifter) (Vaults:5)
  2 fire dragon zombies
  4 alligator zombies
  12 raiju
  5 hydra skeletons
  A deep troll zombie (Zig:3)
  6 ice dragon zombies
  A trapdoor spider (shapeshifter) (Vaults:5)
  8 boulder beetles
  A giant leech (shapeshifter) (Depths:2)
  2 ettin skeletons
  130 flying skulls
  4 air elementals
  15 blink frogs
  A spriggan (shapeshifter) (Depths:2)
  A fire giant simulacrum (Vaults:1)
  A stone giant simulacrum (Vaults:5)
  23 trapdoor spiders
  87 redbacks
  Sigmund (D:5)
  31 deep elf magi
  A fire dragon skeleton (Tar:6)
  A spriggan zombie (Depths:2)
  27 ynoxinuls
  A spriggan skeleton (Depths:1)
  12 tarantellas
  55 yaks
  9 water elementals
  3 alligator skeletons
  3 hogs (Lair:7)
  An ice dragon skeleton (Pan)
  19 spriggans
  20 fire elementals
  3 wyverns
  51 shadows
  46 deep elf fighters
  8 hungry ghosts
  31 wraiths
  A basilisk (shapeshifter) (Vaults:3)
  7 fire bats
  10 vampires
  A fire bat (shapeshifter) (Depths:2)
  A human (shapeshifter) (Vaults:4)
  A yaktaur simulacrum (Vaults:2)
  2 golden eyes (shapeshifter)
  19 golden eyes
  3 mottled dragons
  The ghost of Fluffy the Sneak, an average HuWn of Zin (D:3)
  A basilisk (D:15)
  2 steam dragons
  13 hippogriffs
  19 swamp worms
  6 wargs
  A harpy simulacrum (Abyss:1)
  38 vampire mosquitoes
  7 insubstantial wisps
  Edmund (D:4)
  2 spatial vortices (Abyss:4)
  24 neqoxecs
  15 chaos spawn
  14 water moccasins
  10 porcupines
  An orb spider zombie (Crypt:2)
  5 spiny frog zombies
  33 hell hounds
  A merfolk skeleton (Tar:4)
  11 black bears
  8 phantoms
  36 spiders
  40 wolves
  13 wasps
  15 eyes of draining
  2 hydra simulacra
  47 orc warriors
  6 spiny frog skeletons
  10 ice beasts
  14 starcursed masses
  65 ogres
  An ettin simulacrum (Vaults:1)
  An eye of draining (shapeshifter) (Vaults:3)
  10 swamp drakes
  2 manticore zombies
  20 necrophages
  A slave (D:6)
  8 snapping turtle skeletons
  5 snapping turtle zombies
  A swamp dragon zombie (Tar:7)
  An alligator simulacrum (Coc:5)
  12 boggarts
  A deep troll simulacrum (Depths:1)
  A boggart (shapeshifter) (Vaults:5)
  3 manticore skeletons
  6 sky beasts
  6 brain worms (Pan)
  A big kobold (shapeshifter) (Vaults:5)
  18 centaurs
  23 crocodiles
  A fire drake skeleton (Crypt:1)
  A big kobold (D:14)
  2 elf zombies
  23 giant frogs
  A spiny frog simulacrum (Coc:7)
  A human simulacrum (Depths:2)
  A draconian skeleton (Crypt:2)
  2 spectral wargs (Depths:1)
  2 scorpions (D:11)
  3 troll zombies (D:11)
  A swamp dragon simulacrum (Crypt:3)
  35 wights
  18 killer bees
  4 electric eels
  5 crimson imps
  5 centaur zombies
  7 quasits
  2 giant frog zombies
  45 orc priests
  17 small abominations
  22 jellies
  7 centaur skeletons
  A demonspawn zombie (Crypt:2)
  5 giant frog skeletons
  7 hounds
  14 iron imps
  Jessica (D:2)
  17 iguanas
  Terence (D:2)
  40 orc wizards
  19 worker ants
  14 hell rats
  18 sheep
  A tengu zombie (Dis:7)
  5 ogre zombies (D:11)
  42 mummies
  2 worker ant zombies
  5 gnolls
  16 adders
  63 river rats
  17 shadow imps
  11 white imps
  2 giant eyeballs (Pan)
  4 ufetubi
  6 oozes
  An adder zombie (D:4)
  2 adder skeletons
  A halfling skeleton (Crypt:1)
  An iguana zombie (Crypt:2)
  A worm (shapeshifter) (Vaults:5)
  A worm (D:2)
  5 giant geckos
  252 orcs
  5 ball pythons
  3 bat skeletons
  2 bat zombies
  18 hobgoblins
  18 jackals
  5 quokkas
  A ball python skeleton (D:4)
  A ball python zombie (D:4)
  16 bats
  9 giant cockroaches
  A giant gecko skeleton (D:4)
  A giant gecko zombie (D:2)
  3 giant newts
  36 goblins
  5 goblin skeletons
  4 goblin zombies
  3 hobgoblin skeletons
  8 hobgoblin zombies
  20 kobolds
  4 kobold zombies
  4 orc skeletons
  16 orc zombies
  3 quokka skeletons
  9 rats
  4 fungi
  A lost soul (Crypt:1)
  A lurking horror (Abyss:1)
  A plant (Lair:3)
  6 starspawn tentacles
  2 tentacles (Hell)
4927 creatures vanquished.

Vanquished Creatures (others)
  2 liches
  4 eldritch tentacles
  A deep elf sorcerer (Elf:2)
  2 cacodemons (Pan)
  An elemental wellspring (Coc:7)
  A deep elf annihilator (Pan)
  2 blizzard demons (Pan)
  A quicksilver dragon skeleton (Crypt:2)
  A rakshasa (Pan)
  A centaur warrior (Vaults:2)
  A sun demon (Pan)
  A storm dragon zombie (Tomb:3)
  2 skeletal warriors
  An anaconda zombie (Tomb:2)
  A storm dragon skeleton (Tomb:2)
  41 ball lightnings (Pan)
  A death scarab (Tomb:2)
  A spriggan druid (Swamp:4)
  2 deep elf summoners (Elf:2)
  2 deep elf conjurers (Elf:2)
  An orb spider (Spider:3)
  A frost giant zombie (Geh:7)
  2 wizards (Pan)
  A fire giant skeleton (Crypt:2)
  5 orange demons (Pan)
  3 fire drakes
  A red devil (Pan)
  A raiju (shapeshifter) (Vaults:5)
  A shadow (Geh:4)
  15 flying skulls
  A deep elf fighter (Elf:2)
  A small abomination (Dis:7)
  A water elemental (Coc:7)
  A vampire mosquito (Vaults:1)
  A neqoxec (Pan)
  A hell hound (Geh:7)
  3 large abominations (Pan)
  A merfolk skeleton (Tomb:2)
  A swamp drake (Swamp:4)
  A manticore zombie (Geh:7)
  A spider (Depths:1)
  A necrophage (Crypt:3)
  An electric eel (Lair:6)
  A wight (Geh:7)
  A crimson imp (D:6)
  An iron imp (Dis:7)
  2 mummies (Tomb:1)
  A shadow imp (Tar:5)
  A giant eyeball (Pan)
  A kobold (Depths:1)
  3 blocks of ice (Pan)
  2 bushes (Lair:5)
  374 eldritch tentacle segments
  A fire vortex (Vaults:2)
  33 fungi
  2 lost souls
  11 plants
  14 starspawn tentacles
  252 starspawn tentacle segments
  13 tentacles
  566 tentacle segments
1394 creatures vanquished.

Grand Total: 6321 creatures vanquished

Notes
Turn   | Place    | Note
--------------------------------------------------------------
     0 | D:1      | patman the Mummy Gladiator began the quest for the Orb.
     0 | D:1      | Reached XP level 1. HP: 16/16 MP: 1/1
    42 | D:1      | Upgraded the game from 0.17-a0-1481-gfdcec5c to 0.17-a0-1485-g22cb0ee
   107 | D:1      | Reached XP level 2. HP: 19/22 MP: 2/2
   121 | D:1      | Reached skill level 3 in Polearms
   639 | D:2      | Reached XP level 3. HP: 12/27 MP: 3/3
   702 | D:2      | Found an opulent altar of Gozag.
   702 | D:2      | Found a glowing silver altar of Zin.
   718 | D:2      | Became a worshipper of Gozag Ym Sagoz the Greedy
   808 | D:2      | Noticed Terence
   828 | D:2      | Killed Terence
   853 | D:2      | Reached skill level 4 in Polearms
  1034 | D:2      | Noticed Jessica
  1041 | D:2      | Killed Jessica
  1041 | D:2      | Reached XP level 4. HP: 33/33 MP: 4/4
  1554 | D:3      | Noticed Fluffy's ghost (average HuWn)
  1863 | D:3      | Found a white marble altar of Elyvilon.
  1897 | D:4      | Reached XP level 5. HP: 28/38 MP: 5/5
  1953 | D:4      | Reached skill level 5 in Polearms
  2510 | D:4      | Reached XP level 6. HP: 42/44 MP: 6/6
  2543 | D:4      | Noticed an ogre
  2545 | D:4      | Noticed Edmund
  2567 | D:4      | Killed an ogre
  2567 | D:4      | Reached skill level 6 in Polearms
  2596 | D:4      | Killed Edmund
  2721 | D:4      | Found a sparkling altar of Nemelex Xobeh.
  3085 | D:4      | Reached XP level 7. HP: 50/50 MP: 7/7
  3151 | D:5      | Entered Level 5 of the Dungeon
  3233 | D:5      | Noticed Prince Ribbit
  3243 | D:5      | Killed Prince Ribbit
  3243 | D:5      | Reached skill level 7 in Polearms
  3248 | D:5      | Found Cierhepno's Weapon Emporium.
  3294 | D:5      | Noticed Sigmund
  3298 | D:5      | Killed Sigmund
  3327 | D:5      | Reached skill level 8 in Polearms
  3441 | D:5      | Found a glowing silver altar of Zin.
  3488 | D:5      | Found a staircase to the Ecumenical Temple.
  3514 | D:5      | Reached XP level 8. HP: 40/56 MP: 8/8
  4020 | D:5      | You fall through a shaft for 2 floors!
  4136 | D:7      | Reached skill level 9 in Polearms
  4415 | D:7      | Reached skill level 10 in Polearms
  4449 | D:7      | Found a shattered altar of Ashenzari.
  4630 | D:6      | Found a shadowy altar of Dithmenos.
  4715 | D:6      | Reached skill level 1 in Armour
  4715 | D:6      | Reached XP level 9. HP: 60/62 MP: 9/9
  4940 | D:6      | Found a staircase to the Ecumenical Temple.
  4943 | D:6      | Found Voguzxoh's Antique Weapon Shop.
  4960 | D:6      | Bought a scorched bardiche for 392 gold pieces
  4960 | D:6      | Identified the +8 bardiche of Destiny {freeze, rF+} (You bought it in a shop on level 6 of the Dungeon)
  4961 | D:6      | damn
  4961 | D:6      | Bought a runed trident for 98 gold pieces
  5219 | D:6      | Found an iron altar of Okawaru.
  5320 | D:6      | Found a sacrificial altar of Ru.
  5346 | D:6      | Noticed Pikel
  5354 | D:6      | Killed Pikel
  5603 | D:5      | Found a bloodstained altar of Trog.
  5622 | D:5      | Reached skill level 11 in Polearms
  6209 | D:3      | Found a deep blue altar of Sif Muna.
  6211 | D:3      | Killed Fluffy's ghost
  6680 | D:7      | Reached XP level 10. HP: 62/70 MP: 10/10
  6868 | D:7      | Reached skill level 12 in Polearms
  7382 | D:8      | Found a glowing golden altar of the Shining One.
  7500 | D:8      | Found Ucwutuli's Assorted Antiques.
  7509 | D:8      | Bought a garnet ring for 140 gold pieces
  7517 | D:8      | Found Onwajymo's Assorted Antiques.
  7520 | D:8      | Bought a tubular pearl ring for 145 gold pieces
  7550 | D:8      | Noticed Joseph
  7562 | D:8      | Killed Joseph
  7598 | D:8      | Noticed a cyclops
  7665 | D:8      | Killed a cyclops
  7784 | D:8      | Found Lequagyo's Weapon Shop.
  7819 | D:8      | Found Waacreur's Weapon Boutique.
  7820 | D:8      | Found Pihull's Jewellery Shoppe.
  8025 | D:8      | Found a stormy altar of Qazlal.
  8025 | D:8      | Found a radiant altar of Vehumet.
  8378 | D:9      | Reached skill level 13 in Polearms
  8788 | D:9      | Found a staircase to the Lair.
  9315 | D:10     | Entered Level 10 of the Dungeon
  9327 | D:10     | Reached XP level 11. HP: 47/75 MP: 11/11
  9451 | D:8      | Bought a glowing plate armour for 667 gold pieces
  9581 | D:10     | Found a flagged portal.
  9634 | D:10     | Reached skill level 14 in Polearms
  9803 | D:10     | Noticed Gastronok
  9816 | D:10     | Killed Gastronok
 10223 | D:11     | Found a white marble altar of Elyvilon.
 10273 | D:11     | Reached skill level 15 in Polearms
 10563 | D:11     | Noticed a hill giant
 10588 | D:11     | Killed a hill giant
 10778 | D:11     | Found a staircase to the Orcish Mines.
 11177 | D:11     | Reached XP level 12. HP: 50/81 MP: 12/12
 11344 | Orc:1    | Entered Level 1 of the Orcish Mines
 11623 | Orc:2    | Found a roughly hewn altar of Beogh.
 12533 | Orc:1    | Reached skill level 16 in Polearms
 12588 | Orc:3    | Noticed Rupert
 12606 | Orc:3    | Noticed Nergalle
 13178 | Lair:1   | Entered Level 1 of the Lair of Beasts
 13362 | D:12     | Found Teroran's Armour Shoppe.
 13371 | D:12     | Bought a +2 pair of boots of stealth for 236 gold pieces
 13376 | D:12     | Bought a +3 chain mail of fire resistance for 291 gold pieces
 13930 | D:8      | Bought 3 scrolls of identify for 174 gold pieces
 15068 | Lair:3   | Noticed a six-headed hydra
 15849 | Lair:3   | Noticed a four-headed hydra
 15891 | Lair:3   | Killed a six-headed hydra
 15893 | Lair:3   | Killed a four-headed hydra
 15893 | Lair:3   | Gained mutation: You are in touch with the powers of death. [Mummy growth]
 15893 | Lair:3   | Gained mutation: You can restore your body by infusing magical energy. [Mummy growth]
 15893 | Lair:3   | Reached XP level 13. HP: 54/90 MP: 13/13
 16418 | Lair:3   | Noticed an ice dragon
 16441 | Lair:3   | Killed an ice dragon
 16441 | Lair:3   | Reached skill level 5 in Armour
 16864 | D:14     | Found Dilo's Antique Armour Boutique.
 16875 | D:14     | Reached skill level 5 in Fighting
 16877 | D:14     | Bought a runed cloak for 148 gold pieces
 17434 | Lair:4   | Found a staircase to the Shoals.
 18103 | Lair:4   | Found a hole to the Spider Nest.
 18322 | Lair:4   | Noticed urechis's ghost (powerful VSMo)
 18503 | Lair:4   | Killed urechis's ghost
 20499 | D:15     | Entered Level 15 of the Dungeon
 20501 | D:15     | Found Poac Moemoto's Antique Armour Shop.
 20509 | D:15     | Bought a faintly humming chain mail for 361 gold pieces
 20519 | D:15     | Identified the +6 chain mail of the Ego {Dex+7} (You bought it in a shop on level 15 of the Dungeon)
 20919 | Lair:6   | Found a staircase to the Swamp.
 22297 | Lair:7   | Reached XP level 14. HP: 80/105 MP: 14/14
 22560 | Lair:7   | Noticed Kirke
 22593 | Lair:7   | Killed Kirke
 22983 | Lair:8   | Entered Level 8 of the Lair of Beasts
 23307 | Lair:8   | Found a viscous altar of Jiyva.
 23307 | Lair:8   | Found a staircase to the Slime Pits.
 23748 | D:14     | Bought the +3 pair of gauntlets of War {Slay+5} for 1567 gold pieces
 24214 | Lair:8   | Reached skill level 10 in Armour
 25245 | D:11     | Noticed a hill giant
 25250 | D:11     | Killed a hill giant
 25289 | Orc:2    | Killed Nergalle
 25579 | Orc:3    | Noticed an ice dragon
 25590 | Orc:3    | Killed an ice dragon
 25790 | Orc:4    | Entered Level 4 of the Orcish Mines
 25835 | Orc:4    | Found a staircase to the Elven Halls.
 26025 | Orc:4    | Reached skill level 10 in Fighting
 26328 | Orc:3    | Upgraded the game from 0.17-a0-1485-g22cb0ee to 0.17-a0-1497-g03599f7
 26427 | Orc:3    | Noticed an orc warlord
 26438 | Orc:3    | Killed an orc warlord
 27165 | Orc:4    | Reached XP level 15. HP: 104/117 MP: 15/15
 27740 | Orc:4    | Found Tyor's Antique Armour Emporium.
 27909 | Orc:4    | Found Qupyor's Assorted Antiques.
 27912 | Orc:4    | Found Abeesagg's Book Boutique.
 27913 | Orc:4    | Found Huanik's Distillery.
 27914 | Orc:4    | Found Intak's Gadget Shop.
 27922 | Orc:4    | Bought a wand of hasting (2) for 504 gold pieces
 28311 | Spider:1 | Entered Level 1 of the Spider Nest
 28471 | Spider:1 | Noticed Aizul
 28474 | Spider:1 | Noticed Josephine
 28697 | Lair:4   | Killed Aizul
 29077 | Spider:1 | Killed Josephine
 31530 | Spider:3 | Reached XP level 16. HP: 119/127 MP: 16/16
 31769 | Spider:4 | Entered Level 4 of the Spider Nest
 31968 | Spider:4 | Noticed Arachne
 31994 | Spider:4 | Killed Arachne
 33450 | Spider:4 | Got a gossamer rune of Zot
 33477 | Spider:4 | Reached skill level 15 in Armour
 33899 | Swamp:1  | Entered Level 1 of the Swamp
 35641 | D:13     | Noticed an orc warlord
 35643 | D:13     | Reached XP level 17. HP: 127/140 MP: 17/17
 35652 | D:13     | Killed an orc warlord
 35702 | D:13     | Reached skill level 15 in Fighting
 35708 | D:13     | Found a gate to the Vaults.
 35955 | D:13     | Noticed Sonja
 35957 | D:13     | Killed Sonja
 36095 | Vaults:1 | Entered Level 1 of the Vaults
 36095 | Vaults:1 | Found Cagaboum's Armour Shop.
 36103 | Vaults:1 | Bought a +2 helmet of see invisible for 258 gold pieces
 36230 | D:14     | Reached skill level 17 in Polearms
 36297 | D:14     | Got a bloodstained demon blade
 36298 | D:14     | Identified the +1 demon blade of Execution {drain, rN+ Int+3 Dex+4} (You found it on level 14 of the Dungeon)
 37136 | D:15     | Found a glowing silver altar of Zin.
 37434 | D:15     | Found a staircase to the Depths.
 37461 | D:15     | Paralysed by a great orb of eyes for 4 turns
 37763 | D:14     | Bought a glowing shadow dragon armour for 2640 gold pieces
 38714 | Swamp:2  | Reached skill level 18 in Polearms
 39636 | Swamp:3  | Got a ring of the Octopus King
 39638 | Swamp:3  | Identified a ring of the Octopus King {Wiz AC+1 EV+1 Str+1 Int+1 Dex+1} (You found it on level 3 of the Swamp)
 39996 | Swamp:3  | Learned a level 1 spell: Apportation
 39998 | Swamp:3  | Learned a level 1 spell: Summon Butterflies
 40296 | Swamp:4  | Entered Level 4 of the Swamp
 41072 | Swamp:3  | Reached XP level 18. HP: 140/149 MP: 18/18
 41401 | Swamp:4  | Got a decaying rune of Zot
 41572 | Swamp:4  | Reached skill level 19 in Polearms
 42439 | D:15     | Bought the +2 pair of boots of the Assassin {DetectMon Stab+ Stlth++} for 1029 gold pieces
 42627 | Orc:3    | Killed Rupert
 42665 | Elf:1    | Entered Level 1 of the Elven Halls
 42711 | Elf:1    | Noticed Louise
 42721 | Elf:1    | Killed Louise
 42729 | Elf:1    | Noticed Frances
 42736 | Elf:1    | Killed Frances
 42925 | Elf:1    | Identified the Collected Works on Confrontation
 43099 | Elf:1    | Noticed Donald
 43114 | Elf:1    | Killed Donald
 43344 | Elf:1    | Found Kagept's Food Shoppe.
 43778 | Elf:2    | Noticed Nikola
 43975 | Elf:2    | Found a runed gate.
 43975 | Elf:2    | Found a runed gate.
 43975 | Elf:2    | Found a runed gate.
 43979 | Elf:2    | Noticed Norris
 44003 | Elf:2    | Killed Norris
 44053 | Elf:2    | Reached skill level 20 in Polearms
 44242 | Elf:2    | Killed Nikola
 45127 | Elf:3    | Entered Level 3 of the Elven Halls
 45278 | Elf:3    | Reached XP level 19. HP: 155/155 MP: 19/19
 45426 | Elf:3    | Found Tuobriss's Magic Scroll Shop.
 45434 | Elf:3    | Bought a scroll of enchant armour for 135 gold pieces
 45434 | Elf:3    | Bought a scroll of blinking for 135 gold pieces
 45434 | Elf:3    | Bought 2 scrolls of fog for 72 gold pieces
 46036 | Elf:3    | Reached skill level 21 in Polearms
 46195 | Elf:3    | Got a scintillating golden amulet
 46217 | Elf:3    | Identified the amulet "Yggoso" {rPois Regen+ Str+2} (You took it off a deep elf mage on level 3 of the Elven Halls)
 46457 | Elf:3    | Identified the Papyrus of Arcane Weapons and Cold
 46524 | Elf:3    | Identified Sif Muna's Handbook of Congealing Darkness (You found it on level 3 of the Elven Halls)
 46576 | Elf:3    | Got a heavily runed chain mail
 46577 | Elf:3    | Identified the +0 chain mail "Xeeruc" {MR- Dex+6} (You found it on level 3 of the Elven Halls)
 47280 | Slime:1  | Entered Level 1 of the Pits of Slime
 49003 | Slime:6  | Entered Level 6 of the Pits of Slime
 49154 | Slime:6  | Noticed the royal jelly
 49189 | Slime:6  | Killed the royal jelly
 49189 | Slime:6  | Reached skill level 22 in Polearms
 49631 | Slime:6  | Reached XP level 20. HP: 49/162 MP: 20/20
 49752 | Slime:6  | Got a slimy rune of Zot
 49796 | Slime:6  | Got a coiled steel ring
 49797 | Slime:6  | Identified the ring "Enup" {rPois rF- Str+5 Int+3} (You found it on level 6 of the Pits of Slime)
 49844 | Slime:6  | Identified Foxigo's Almanac of Shifting Necromancy
 51224 | Vaults:1 | Found Xilitaaqa's Food Boutique.
 51226 | Vaults:1 | Found Kew Ritulof's General Store.
 51237 | Vaults:1 | Bought a scroll of enchant armour for 142 gold pieces
 51894 | Vaults:2 | Found Pomoel's Assorted Antiques.
 52282 | Vaults:2 | Reached skill level 23 in Polearms
 52564 | Vaults:2 | Found a basalt altar of Yredelemnul.
 53979 | Vaults:3 | Reached XP level 21. HP: 168/168 MP: 21/21
 54121 | Vaults:3 | Reached skill level 24 in Polearms
 54198 | Vaults:3 | Found a staircase to the Crypt.
 54992 | Depths:1 | Entered Level 1 of the Depths
 54992 | Depths:1 | Found Qikybuh's General Store.
 55349 | Depths:1 | Found a gateway to a ziggurat.
 55353 | Depths:1 | Found a gateway to Hell.
 55597 | Depths:1 | Found a one-way gate leading to the halls of Pandemonium.
 55947 | Depths:1 | Upgraded the game from 0.17-a0-1497-g03599f7 to 0.17-a0-1504-gb7d9117
 55976 | Depths:1 | Found a bloodstained altar of Trog.
 56659 | Depths:1 | Reached skill level 25 in Polearms
 56665 | Depths:1 | Found The Legendary Qugodout's Legendary Smithy.
 56690 | Depths:1 | Found Ganorch's Slaves and Accessories.
 56766 | Depths:1 | Found Jack's Jerk-a-riffic Jerky.
 56790 | Depths:1 | Found Xouvasoy's Miraculous Elixirs.
 57314 | Vaults:4 | Found a blossoming altar of Fedhas.
 57382 | Vaults:4 | Found Rilougeg's Antique Weapon Shoppe.
 57524 | Vaults:4 | Reached XP level 22. HP: 161/175 MP: 22/22
 58624 | Depths:3 | Found Weisyont's Gadget Shoppe.
 59337 | Depths:2 | Reached skill level 26 in Polearms
 59920 | Depths:2 | Found a one-way gate to the infinite horrors of the Abyss.
 61430 | Depths:3 | Found a runed door.
 62243 | Depths:3 | Reached XP level 23. HP: 128/184 MP: 23/23
 63096 | D:8      | Bought a scroll of recharging for 275 gold pieces
 63285 | Orc:4    | Bought 3 scrolls of recharging for 712 gold pieces
 63490 | Elf:3    | Bought a scroll of recharging for 171 gold pieces
 63490 | Elf:3    | Bought a scroll of recharging for 171 gold pieces
 63490 | Elf:3    | Bought a scroll of recharging for 171 gold pieces
 63862 | Depths:4 | Found Erphun's Magic Scroll Boutique.
 63864 | Depths:4 | Bought a scroll of teleportation for 45 gold pieces
 65746 | Vaults:5 | Entered Level 5 of the Vaults
 65991 | Vaults:5 | Identified Imewif's Disquisition on Enchanting Confrontation
 66232 | Vaults:5 | Noticed Saint Roka
 66243 | Vaults:5 | Killed Saint Roka
 66243 | Vaults:5 | Reached XP level 24. HP: 168/198 MP: 23/23
 66621 | Vaults:5 | Identified the Collected Works on Glacial Malediction (You found it on level 5 of the Vaults)
 66624 | Vaults:5 | Got a steaming plate armour
 66625 | Vaults:5 | Identified the +9 plate armour of Insecurity {MR+++ MP-9 Dex-2 SInv} (You found it on level 5 of the Vaults)
 66635 | Vaults:5 | Got a pair of translucent boots
 66636 | Vaults:5 | Identified the cursed +0 pair of boots of the Furies {rC+} (You found it on level 5 of the Vaults)
 66821 | Vaults:5 | Identified Fubrecoe's Reference Book on Companions
 66907 | Vaults:5 | Noticed an ancient lich
 67324 | Vaults:5 | Killed an ancient lich
 67858 | Vaults:5 | Got a silver rune of Zot
 67946 | Vaults:5 | Found Eddad's Food Boutique.
 68455 | Depths:5 | Entered Level 5 of the Depths
 68455 | Depths:5 | Found Wiokk's Antique Armour Shop.
 68659 | Depths:5 | Found a runed door.
 68909 | Depths:5 | Found a gateway to a ziggurat.
 68965 | Depths:5 | Paralysed by a chaos spawn for 2 turns
 69018 | Depths:5 | Reached XP level 25. HP: 191/210 MP: 23/23
 69260 | Depths:5 | Found a gate to the Realm of Zot.
 70473 | Temple   | Entered the Ecumenical Temple
 70503 | Temple   | Fell from the grace of Gozag
 70508 | Temple   | Became a worshipper of Makhleb the Destroyer
 70921 | Crypt:1  | Entered Level 1 of the Crypt
 70961 | Crypt:1  | Reached skill level 1 in Translocations
 71251 | Crypt:1  | Acquired Makhleb's first power
 71880 | Crypt:2  | Reached skill level 5 in Translocations
 72359 | Crypt:2  | Acquired Makhleb's second power
 72437 | Crypt:3  | Entered Level 3 of the Crypt
 72553 | Crypt:3  | Found an ancient bone altar of Kikubaaqudgha.
 72600 | Crypt:3  | Acquired Makhleb's third power
 72917 | Crypt:3  | Acquired Makhleb's fourth power
 73031 | Crypt:3  | Identified a scroll of acquirement
 73050 | Crypt:3  | Identified a +2 rod of ignition (10/10) (You found it on level 3 of the Crypt)
 73053 | Crypt:3  | Got a slimy jade ring
 73054 | Crypt:3  | Identified the ring "Xyqui" {Wiz SInv} (You acquired it on level 3 of the Crypt)
 73228 | Crypt:3  | Got a scintillating bone ring
 73228 | Crypt:3  | Got a serpentine tin ring
 73228 | Crypt:3  | Got a sparkling tin ring
 73289 | Crypt:3  | Noticed an ancient lich
 73511 | Crypt:3  | Reached skill level 10 in Translocations
 73526 | Crypt:3  | Identified the ring "Ovuit" {rN+ SInv} (You found it on level 3 of the Crypt)
 73541 | Crypt:3  | Killed an ancient lich
 73550 | Crypt:3  | Identified the ring "Ogilous" {rF+ rN+ Str+4 SInv} (You found it on level 3 of the Crypt)
 73553 | Crypt:3  | Identified the ring "Rocvall" {-Tele rElec rPois rN+ Dex+6} (You found it on level 3 of the Crypt)
 73569 | Crypt:3  | Found a staircase to the Tomb.
 73817 | Crypt:3  | Gained mutation: You are strongly in touch with the powers of death. [Mummy growth]
 73817 | Crypt:3  | Reached XP level 26. HP: 219/219 MP: 23/23
 73838 | Tomb:1   | Entered Level 1 of the Tomb of the Ancients
 73869 | Tomb:1   | Acquired Makhleb's fifth power
 75091 | Tomb:2   | Noticed Frederick
 75193 | Tomb:1   | Killed Frederick
 75858 | Tomb:3   | Entered Level 3 of the Tomb of the Ancients
 77829 | Tomb:3   | Identified the Papyrus of Snow and the Voyage
 77854 | Tomb:3   | Got a flickering glass ring
 77855 | Tomb:3   | Identified the cursed ring "Wutuqu" {Str+7 Dex-3} (You found it on level 3 of the Tomb of the Ancients)
 77866 | Tomb:3   | Learned a level 2 spell: Blink
 77869 | Tomb:3   | Learned a level 2 spell: Repel Missiles
 78081 | Tomb:3   | Reached XP level 27. HP: 229/229 MP: 23/23
 78127 | Tomb:3   | Got a golden rune of Zot
 78186 | Tomb:3   | Noticed an ancient lich
 78199 | Tomb:3   | Killed an ancient lich
 78978 | Pan      | Entered Pandemonium
 78983 | Pan      | Found an exit through the horrors of the Abyss.
 79034 | Pan      | Was forgiven by Gozag
 79200 | Pan      | Found a runed door.
 79208 | Pan      | Found a runed door.
 79216 | Pan      | Found a runed door.
 79217 | Pan      | Noticed Zoakkei the pandemonium lord
 79233 | Pan      | Killed Zoakkei the pandemonium lord
 79262 | Pan      | Found a runed door.
 79485 | Pan      | Noticed Qale the pandemonium lord
 79492 | Pan      | Paralysed by a giant eyeball for 2 turns
 79504 | Pan      | Paralysed by a giant eyeball for 3 turns
 79512 | Pan      | Killed Qale the pandemonium lord
 79588 | Pan      | Got a demonic rune of Zot
 79941 | Pan      | Noticed Bogahifi the pandemonium lord
 79965 | Pan      | Killed Bogahifi the pandemonium lord
 80096 | Pan      | Found an exit through the horrors of the Abyss.
 80541 | Pan      | Found an exit through the horrors of the Abyss.
 80569 | Pan      | Found a glowing silver altar of Zin.
 80669 | Pan      | Noticed Onkuur the pandemonium lord
 81765 | Pan      | Noticed Amixos the pandemonium lord
 81780 | Pan      | Killed Amixos the pandemonium lord
 81806 | Pan      | Found an exit through the horrors of the Abyss.
 82035 | Pan      | Noticed Kixzaf the pandemonium lord
 82043 | Pan      | Entered the realm of Lom Lobon.
 82193 | Pan      | Found an exit through the horrors of the Abyss.
 82748 | Pan      | Noticed Lom Lobon
 82790 | Pan      | Got a magical rune of Zot
 83066 | Pan      | Entered the realm of Mnoleg.
 83210 | Pan      | Found an exit through the horrors of the Abyss.
 83211 | Pan      | Paralysed by a giant eyeball for 4 turns
 83514 | Pan      | Noticed Lom Lobon
 83601 | Pan      | Noticed Mnoleg
 83608 | Pan      | Paralysed by a giant eyeball for 3 turns
 83698 | Pan      | Killed Mnoleg
 83924 | Pan      | Got a glowing rune of Zot
 84929 | Pan      | Noticed Lom Lobon
 84965 | Pan      | Noticed Pomiloty the pandemonium lord
 85096 | Pan      | Found an exit through the horrors of the Abyss.
 85550 | Pan      | Noticed Zeirath the pandemonium lord
 85738 | Pan      | Found an exit through the horrors of the Abyss.
 85896 | Pan      | Entered the realm of Cerebov.
 85928 | Pan      | Got a fiery rune of Zot
 85935 | Pan      | Noticed Cerebov
 85998 | Pan      | Noticed Lom Lobon
 86002 | Pan      | Found an exit through the horrors of the Abyss.
 86244 | Pan      | Noticed Lom Lobon
 86368 | Pan      | Noticed Xulidyodua the pandemonium lord
 86371 | Pan      | Killed Xulidyodua the pandemonium lord
 86387 | Pan      | Found an exit through the horrors of the Abyss.
 86640 | Pan      | Found an exit through the horrors of the Abyss.
 86710 | Pan      | Found an exit through the horrors of the Abyss.
 87108 | Depths:1 | Escaped Pandemonium
 87404 | Pan      | Entered Pandemonium
 87426 | Depths:1 | Escaped Pandemonium
 87488 | Pan      | Entered Pandemonium
 87501 | Pan      | Entered the realm of Gloorx Vloq.
 87508 | Pan      | Reached skill level 1 in Evocations
 87554 | Pan      | Found an exit through the horrors of the Abyss.
 87715 | Pan      | Reached skill level 5 in Evocations
 87723 | Pan      | Noticed Gloorx Vloq
 87744 | Pan      | Killed Gloorx Vloq
 87763 | Pan      | Got a dark rune of Zot
 87838 | Pan      | Took an exit into the Abyss.
 87838 | Abyss:1  | Escaped into the Abyss
 89149 | Abyss:3  | Identified the Volume of Damage Dealing and Intoxication (You found it on level 3 of the Abyss)
 89219 | Abyss:4  | Found a glowing golden altar of the Shining One.
 89232 | Abyss:4  | Reached skill level 10 in Evocations
 89249 | Abyss:4  | Got an abyssal rune of Zot
 89368 | Abyss:4  | Found an opulent altar of Gozag.
 89723 | Depths:1 | Escaped the Abyss
 89790 | Zig:1    | Entered Level 1 of a ziggurat
 89818 | Zig:2    | Entered Level 2 of a ziggurat
 89853 | Zig:3    | Entered Level 3 of a ziggurat
 89885 | Zig:4    | Entered Level 4 of a ziggurat
 89929 | Zig:5    | Entered Level 5 of a ziggurat
 90004 | Zig:6    | Entered Level 6 of a ziggurat
 90059 | Zig:6    | Got a faintly glowing helmet
 90060 | Zig:6    | Identified the +1 helmet "Vejumo" {rPois} (You found it on level 6 of a ziggurat)
 90079 | Zig:7    | Entered Level 7 of a ziggurat
 90101 | Zig:7    | Noticed an orb of fire
 90143 | Zig:7    | Killed an orb of fire
 90402 | Zig:1    | Entered Level 1 of a ziggurat
 90423 | Zig:2    | Entered Level 2 of a ziggurat
 90448 | Zig:3    | Entered Level 3 of a ziggurat
 90487 | Zig:4    | Entered Level 4 of a ziggurat
 90577 | Zig:5    | Entered Level 5 of a ziggurat
 90705 | Hell     | Entered the Vestibule of Hell
 90705 | Hell     | Noticed Geryon
 91306 | Hell     | Killed Geryon
 91392 | Hell     | Found a gateway to the decaying netherworld of Tartarus.
 91498 | Hell     | Found a gateway to the ashen valley of Gehenna.
 91658 | Hell     | Found a gateway to the Iron City of Dis.
 91744 | Hell     | Found a gateway to the freezing wastes of Cocytus.
 91822 | Tar:1    | Entered Level 1 of Tartarus
 93312 | Tar:7    | Entered Level 7 of Tartarus
 93604 | Tar:7    | Got an ancient iron ring
 93605 | Tar:7    | Identified the ring of Ycsuxt {rElec EV+2 Dex+6} (You found it on level 7 of Tartarus)
 93769 | Tar:7    | Cast into the Abyss (reaper)
 93771 | Abyss:1  | Found a corrupted altar of Lugonu.
 93774 | Tar:7    | Escaped the Abyss
 94318 | Tar:7    | Noticed Ereshkigal
 94318 | Tar:7    | Noticed the Serpent of Hell
 94575 | Tar:7    | Killed the Serpent of Hell
 94734 | Tar:7    | Killed Ereshkigal
 94770 | Tar:7    | Got a bone rune of Zot
 95022 | Tar:7    | Got a pitted emerald amulet
 95023 | Tar:7    | Identified the amulet "Lytteide" {rMut *Confuse rPois rF- Str+4} (You found it on level 7 of Tartarus)
 95027 | Tar:7    | Got a vibrating pewter amulet
 95049 | Tar:7    | Identified the amulet of Unlif {Clar Str+5} (You found it on level 7 of Tartarus)
 95169 | Geh:1    | Entered Level 1 of Gehenna
 95470 | Geh:5    | Reached skill level 27 in Fighting
 95694 | Geh:7    | Entered Level 7 of Gehenna
 96636 | Geh:7    | Noticed Asmodeus
 96653 | Geh:7    | Killed Asmodeus
 96665 | Geh:7    | Got an obsidian rune of Zot
 96811 | Coc:1    | Entered Level 1 of Cocytus
 97017 | Coc:3    | Reached skill level 1 in Summonings
 97549 | Coc:7    | Entered Level 7 of Cocytus
 97687 | Coc:7    | Reached skill level 5 in Summonings
 97716 | Coc:7    | Noticed Antaeus
 97735 | Coc:7    | Got an icy rune of Zot
 97852 | Dis:1    | Entered Level 1 of the Iron City of Dis
 98372 | Dis:7    | Entered Level 7 of the Iron City of Dis
 98562 | Dis:7    | Cast into the Abyss (hell knight)
 98640 | Abyss:1  | Found an iron altar of Okawaru.
 98769 | Dis:7    | Escaped the Abyss
 99011 | Dis:7    | Noticed Dispater
 99054 | Dis:7    | Killed from afar by a Brimstone Fiend

Vault maps used:
D:1:      roderic_octagonal_star
D:2:      grunt_temple_overflow_gold_and_silver, first_bread, uniq_terence,
          uniq_jessica
D:3:      led_sif_book, nicolae_overflow_hidden_temple
D:4:      nemelex_xobeh_ov_fountains_minmay, enter_ossuary_3, serial_undead,
          serial_undead_f, serial_undead_b, serial_undead_d, serial_undead_b,
          uniq_edmund
D:5:      trog_eyes_of_draining, minmay_temple_entry_glass, basic_altar,
          serial_shops, nicolae_shop_trees, uniq_prince_ribbit1, uniq_sigmund
D:6:      lemuel_coloured_pillars_altar, nicolae_overflow_crystal_walls,
          nicolae_ru_path_of_blood, minmay_temple_entry_trees,
          gup_sewer_entry_glass, uniq_pikel
D:7:      evilmike_ruin_ashenzari, serial_park, serial_park_square3,
          serial_park_square3
D:8:      nicolae_tso_besieged_by_evil, amethyst_overflow_temple_binary,
          serial_shops, shop, kennysheep_mini, shop_fountains, shop,
          nicolae_shop_behind_doors, uniq_joseph
D:9:      erik_lair_dragon, hangedman_little_slice_of_home
D:10:     enter_bailey_3, uniq_gastronok
D:11:     zombieorc2_lemuel, basic_altar
D:12:     minmay_smoke_and_mirrors
D:13:     lightli_vaults_fourway_checkpoint, uniq_sonja
D:14:     serial_park_square3
D:15:     hangedman_depths_entry_try_elsewhere_first, grunt_decor_one_mirror,
          basic_altar
Temple:   circular_temple_6
Lair:1:   beast_lair_carwin_3
Lair:3:   dragon1_lemuel, beast_lair_carwin_5
Lair:4:   minmay_shoals_entry_centaurs, spider_nest_entry_funnel_web,
          lemuel_fruit_fields, grunt_megastairs_3, lemuel_fruit_fields,
          lemuel_fruit_fields, lemuel_fruit_tree, infiniplex_staircase_pool
Lair:6:   minmay_swamp_entry_eels
Lair:7:   uniq_kirke
Lair:8:   minmay_lair_end_enchanted_forest, slime_altar_1,
          infiniplex_staircase_pool_2
Swamp:1:  evilmike_swamp_ruin_house_3
Swamp:2:  hangedman_swamp_cone
Swamp:3:  serial_swamp_ruin, evilmike_swamp_ruin_rubble_2,
          evilmike_swamp_ruin_wall
Swamp:4:  swamp_fiery
Spider:1: uniq_aizul, uniq_josephine
Spider:2: nicolae_spider_cling_ruins
Spider:3: spiders_nest_wasp_nest
Spider:4: grunt_spider_rune_circles, uniq_arachne
Slime:2:  nicolae_slime_phagocytosis
Orc:2:    basic_altar
Orc:3:    portal_ice_cave_entry_animals_and_master, nicolae_orc_pool_cavern,
          elf_legates, uniq_rupert, uniq_nergalle
Orc:4:    st_orc_pillars, serial_shops,
          nicolae_shop_temple_entry_statues_fountains
Elf:1:    serial_shops, shop_fountains, minmay_elf_annihilation, uniq_donald,
          uniq_frances, uniq_louise
Elf:2:    columned_hall_lemuel, uniq_norris, uniq_nikola
Elf:3:    grunt_elf_hall_asides, serial_shops, nicolae_shop_waterfront,
          hangedman_elf_simple_split
Vaults:1: ontoclasm_vaults_fire_temple, hangedman_vaults_nails,
          hangedman_vaults_stream, v_misc_24, vaults_room_door_hall,
          ontoclasm_vaults_decontamination, nicolae_vaults_ring_of_whatevers,
          nicolae_vaults_triangles, nicolae_vaults_sealed_display, v_pattern_5,
          v_misc_25, ontoclasm_vaults_hangar, serial_shops, shop,
          nicolae_shop_stone
Vaults:2: vaults_mumra_lcd, v_rooms_2, hangedman_vaults_capsules, v_rooms_4,
          nicolae_vaults_diagonal_hallway_6, v_misc_11,
          nicolae_vaults_little_squares_4, vaults_mumra_minichess,
          nicolae_vaults_big_angled_halls, ontoclasm_vaults_gateway,
          v_pattern_2, vaults_dpeg_encased_lava, basic_altar
Vaults:3: vaults_room_fours, v_misc_28, nicolae_vaults_little_squares_3,
          minmay_crypt_entry_nasty_monster, vaults_standard_mumra_lines,
          v_misc_1, nicolae_vaults_circle_grid_b, v_alt_pattern_5,
          vaults_dpeg_diagonal, nicolae_vaults_ninety_degrees, serial_ice_g,
          ontoclasm_vaults_shuriken
Vaults:4: nicolae_vaults_what_the_h, v_misc_25, hangedman_vaults_nodes,
          v_misc_18, hangedman_vaults_hat, nicolae_vaults_shelves_hall,
          ontoclasm_vaults_chip, vaults_dpeg_cross, basic_altar
Vaults:5: uniq_saint_roka
Crypt:1:  serial_sigils_hangedman_clutch, st_stairs_7
Crypt:3:  grunt_crypt_end_deaths_head
Tomb:2:   uniq_frederick
Depths:1: grated_community_mu, enter_ziggurat_e, hell_entry,
          minmay_misc_feat_room, grunt_pan_entry_in_and_out,
          hangedman_abyss_or_decor_passed, spider_trap, kennysheep_flooded_box,
          minmay_acid_items
Depths:2: minmay_octo_star, minmay_room_of_horrors, hell_entry,
          hangedman_decor_push, infiniplex_staircase_spiral_double,
          serial_bayou_shore_b
Depths:3: mludivico_vault, hangedman_tar_grid_catacomb, minmay_misc_feat_cross,
          grunt_pan_entry_spiral, grunt_tough_drop, kennysheep_random_hallway,
          infiniplex_staircase_squiggle
Depths:4: minmay_ornate_pinched, nicolae_abyss_entry_one_way_or_another,
          minmay_parallelograms, hell_entry, serial_co_window_serial,
          co_window_paths_b, co_window_paths_a, co_window_corner_a,
          co_window_corner_a, co_window_corner_a, co_window_2corner,
          co_window_cross_2, co_window_of_opportunity_b, glass_columns_c,
          glass_columns_a, glass_columns_b
Depths:5: grunt_zot_entry_gee_three, enter_ziggurat_f, hangedman_coc_ice_floe,
          minmay_hidden_floor
Dis:3:    hangedman_dis_monolith
Dis:6:    grunt_megastairs_4
Dis:7:    dis_hangedman
Geh:5:    lemuel_flamethrower_3
Geh:7:    geh_old
Coc:7:    coc_dpeg
Tar:4:    nicolae_tar_cuneiform_two, nicolae_tar_cuneiform_bread
Tar:5:    nicolae_tar_cuneiform_bread
Tar:7:    tar_old
Abyss:1:  evilmike_abyss_exit_15
Abyss:2:  hangedman_abyss_batty_box, abyss_furniture_001
Abyss:3:  evilmike_abyss_exit_4, onia_ninara_dug_in_and_dangerous,
          grunt_abyss_rune_twisted_forest
Abyss:4:  eino_small_chamber_without_monster, evilmike_abyss_rune_tso_outpost
Pan:      grunt_pan_frozen_over, nicolae_pan_cerebovesque_3, rand_demon_7,
          pan_blood_fountain_2, evilmike_mini_pan_thingy, pan_blood_fountain,
          pan_blood_fountain_small, enter_ziggurat_pan_a, lemuel_draining_boxes,
          nicolae_pan_cerebovesque_4, rand_demon_8, nicolae_pan_double_arrow,
          pan_blood_fountain, pan_blood_fountain_small, evilmike_holy_pan,
          rand_demon_2, pan_blood_fountain, grunt_pan_spiral, uniq_mennas_pan,
          reaverb_pan_squares, pan_surprise, nicolae_pan_gloorx_vloqian_2,
          evilmike_mini_pan_pillars, nicolae_pan_cerebovesque_2, rand_demon_1,
          pan_blood_fountain_small, pan_blood_fountain_2, pan_blood_fountain,
          nicolae_pan_cerebovesque_1, evilmike_mini_pan_corridor,
          evilmike_mini_pan_corner, nicolae_pan_lom_lobonic_1,
          lemuel_hellion_island, nicolae_pan_cerebovesque_1,
          evilmike_mini_pan_corner, nicolae_pan_door_chamber,
          nicolae_pan_mnolegish_5, evilmike_mini_pan_possible_glass,
          grunt_pan_spiral, nicolae_pan_mnolegish_4, grunt_pan_sceptre,
          nicolae_pan_sigil_itan, nicolae_pan_mnolegish_3,
          evilmike_mini_pan_doors_b, evilmike_mini_pan_possible_glass,
          lom_lobon, evilmike_mnoleg_eyes, uniq_lom_lobon,
          pan_blood_fountain_small, nicolae_pan_gloorx_vloqian_4, rand_demon_3,
          pan_blood_fountain_small, uniq_lom_lobon, rand_demon_6,
          pan_blood_fountain_small, grunt_pan_pentagram,
          evilmike_mini_pan_doors_b, evilmike_mini_pan_V, evilmike_cerebov_lava,
          uniq_lom_lobon, pan_blood_fountain, nicolae_pan_sigil_obb,
          rand_demon_5, grunt_pan_spiral, uniq_lom_lobon,
          evilmike_mini_pan_other_thingy, grunt_pan_pentagram, uniq_cerebov,
          grunt_pan_in_and_out, nicolae_pan_gloorx_vloqian_4,
          nicolae_pan_sigil_uleosi, evilmike_mini_pan_doors_b,
          pan_blood_fountain, pan_blood_fountain_small, grunt_pan_spiral,
          evilmike_mini_pan_pillars_b, enter_ziggurat_pan_d, gloorx_vloq_grunt
Zig:3:    ziggurat_loot_3

Action                   |  1- 3 |  4- 6 |  7- 9 | 10-12 | 13-15 | 16-18 | 19-21 | 22-24 | 25-27 || total
-------------------------+-------+-------+-------+-------+-------+-------+-------+-------+-------++-------
Melee: Trident           |   130 |   244 |   314 |     7 |   113 |   173 |       |       |       ||   981
       Bardiche          |       |       |   140 |   997 |  1490 |  1422 |  1658 |  1595 |  7666 || 14968
 Cast: Apportation       |       |       |       |       |       |       |       |       |    27 ||    27
       Summon Butterflie |       |       |       |       |       |       |       |       |     2 ||     2
       Blink             |       |       |       |       |       |       |       |       |     1 ||     1
Invok: Call Merchant     |       |       |     1 |     1 |     2 |     1 |     3 |     3 |       ||    11
       Potion Petition   |       |       |       |     2 |     4 |     2 |     3 |     1 |       ||    12
       Renounce Religion |       |       |       |       |       |       |       |       |     1 ||     1
 Abil: Evoke Teleportati |       |       |       |       |       |       |       |       |    12 ||    12
       Self-Restoration  |       |       |       |       |       |       |       |       |     4 ||     4
       Evoke Flight      |       |       |       |       |       |       |       |       |     3 ||     3
Evoke: Wand              |       |       |     7 |    19 |    14 |     6 |    28 |       |    78 ||   152
       Horn of Geryon    |       |       |       |       |       |       |       |       |     1 ||     1
  Use: Scroll            |     1 |       |    13 |    12 |    14 |    12 |    25 |    21 |    73 ||   171
 Stab: Sleeping          |     2 |     3 |     1 |     6 |       |    10 |     3 |       |       ||    25
       Distracted        |       |       |     1 |    10 |    21 |    23 |    21 |    22 |     6 ||   104
       Confused          |       |       |       |       |       |     3 |       |       |     1 ||     4
